 Dungeon Crawl Stone Soup version 0.17-a0-483-g810ce3f (webtiles) character file.

76 Ngotmuk the Skirmisher (level 4, -1/29 HPs)
             Began as a Gargoyle Fighter on Apr 8, 2015.
             Slain by a two-headed ogre
             ... wielding a +0 giant club
              (25 damage)
             ... on level 3 of the Dungeon.
             The game lasted 00:03:57 (1068 turns).

Ngotmuk the Skirmisher (Gargoyle Fighter)           Turns: 1068, Time: 00:03:57

Health: -1/29      AC: 10    Str: 20    XL:     4   Next: 32%
Magic:  4/4        EV:  7    Int:  9    God:
Gold:   63         SH:  9    Dex:  9    Spells: 0 memorised, 3 levels left

rFire  . . .     SeeInvis .     a - +0 flail
rCold  . . .     Clarity  .     b - +0 scale mail
rNeg   + . .     SustAb   .     c - +0 shield
rPois  ∞         Gourm    .     (no helmet)
rElec  +         Spirit   .     (no cloak)
rCorr  .         Warding  .     (no gloves)
rMut   .         Stasis   .     (no boots)
MR     .....                    (no amulet)
Stlth  ..........               (no ring)
                                (no ring)

@: not resistant to hostile enchantments, extremely unstealthy
A: negative energy resistance 1, electricity resistance, unbreathing,
petrification resistance, rot immunity, AC +3
a: no special abilities


You were on level 3 of the Dungeon.
You were not hungry.

You visited 1 branch of the dungeon, and saw 3 of its levels.

You collected 63 gold pieces.

Inventory:

Hand weapons
 a - a +0 flail (weapon)
Armour
 b - a +0 scale mail (worn)
 c - a +0 shield (worn)
Magical devices
 n - a wand of enslavement (0)
Scrolls
 g - 3 scrolls of identify {unknown}
 k - a scroll of enchant armour {unknown}
 m - 2 scrolls of remove curse {unknown}
 o - a scroll of magic mapping {unknown}
 q - a scroll of amnesia {unknown}
 r - a scroll of teleportation {unknown}
Potions
 e - a potion of might
 h - a potion of restore abilities {unknown}
 i - 2 potions of curing {unknown}
 p - a potion of brilliance {unknown}
Comestibles
 d - a bread ration
 f - 2 fruits
 l - a slice of pizza


   Skills:
 + Level 3.9 Fighting
 * Level 3.3 Maces & Flails
 + Level 3.7 Armour
 + Level 3.6 Shields


You had 3 spell levels left.
You didn't know any spells.

Dungeon Overview and Level Annotations

Branches:
Dungeon (3/15)

Altars:
Ashenzari


Innate Abilities, Weirdness & Mutations

You are resistant to torment.
Your stone body is resilient (AC +3).
You are immune to poison.
You resist negative energy.
You are resistant to electric shocks.
You can survive without breathing.
You are immune to petrification.
You are immune to rotting.


Message History

There is an open door here.
Done exploring.
Done exploring.
(D) Dungeon
Where to? (? - help)
What level of the Dungeon? (default 1, ? - help)
There is a stone staircase leading down here.
You climb downwards.
There is a stone staircase leading up here.
A two-headed ogre comes into view.
It is wielding a giant club and a giant spiked club.
The two-headed ogre shouts in stereo!
Your shield and scale mail prevent you from hitting the two-headed ogre.
You block the two-headed ogre's attack.
The two-headed ogre hits you with a giant spiked club.
You sock the two-headed ogre!
The two-headed ogre is moderately wounded.
The two-headed ogre hits you with a giant club.
The two-headed ogre hits you with a giant spiked club!!
Ouch! That really hurt!
You die... ##########.... #<...@O....... ##########....

You could see a two-headed ogre.

Vanquished Creatures
  Ijyb (D:2)
  An adder (D:2)
  An ooze (D:1)
  A ball python (D:1)
  4 bats
  2 giant cockroaches (D:1)
  3 goblins
  3 hobgoblins
  9 jackals
  2 giant geckos
  5 giant newts
  4 rats (D:1)
36 creatures vanquished.

Notes
Turn   | Place    | Note
--------------------------------------------------------------
     0 | D:1      | Ngotmuk, the Gargoyle Fighter, began the quest for the Orb.
     0 | D:1      | Reached XP level 1. HP: 14/14 MP: 1/1
    93 | D:1      | Reached XP level 2. HP: 17/19 MP: 2/2
   410 | D:1      | Reached XP level 3. HP: 20/24 MP: 3/3
   492 | D:2      | Noticed Ijyb
   533 | D:2      | Killed Ijyb
   618 | D:2      | Reached XP level 4. HP: 29/29 MP: 4/4
   688 | D:2      | Found a shattered altar of Ashenzari.
  1063 | D:3      | Noticed a two-headed ogre
  1068 | D:3      | Slain by a two-headed ogre

Action                   |  1- 3 |  4- 6 || total
-------------------------+-------+-------++-------
Melee: Flail             |   129 |    26 ||   155
  Eat: Royal jelly       |       |     1 ||     1
